AoeStats
← Hitokirivan

Arabia

508669275Analyzed
2v2 RM · 10d ago on Sep 23, 2026· 46m 10s· 4 players
Game mode
Random Map
Map size
Medium (4 player)
Population
200
Speed
Normal
Resources
Standard
Victory
Conquest
Starting age
Dark Age
Ending age
Imperial Age
RankedLock teamsTeams togetherTeam positionsShared explorationLock speedFull tech treeHidden civsTurbo modeCheats
Victory
Defeat
🇧🇷 Vikings · Brazil
1099
+15
🇹🇼 Mongols · Taiwan
1078
+15
🇵🇪 Burmese · Peru
1075
-15
🇵🇪 Gurjaras · Peru
1062
-15
eric_liu
6:58 Loom
9:20 Feudal Age
9:50 Double-Bit Axe
9:26 Man-at-Arms
13:37 Horse Collar
16:57 Gold Mining
23:50 Castle Age
23:34 Bloodlines
23:58 Scale Barding Armor
26:53 Bow Saw
27:16 Heavy Plow
28:55 Stone Mining
41:11 Town Watch
45:01 Imperial Age
42:36 Fletching
43:37 Wheelbarrow
44:10 Bodkin Arrow
Chapola
5:14 Loom
10:03 Feudal Age
10:55 Double-Bit Axe
21:17 Castle Age
19:20 Horse Collar
20:03 Gold Mining
20:37 Scale Barding Armor
22:19 Forging
22:40 Bow Saw
22:36 Heavy Plow
26:27 Chain Barding Armor
27:25 Squires
27:31 Scale Mail Armor
30:10 Stone Mining
31:19 Town Watch
33:40 Chain Mail Armor
34:00 Iron Casting
37:15 Imperial Age
36:00 Fletching
36:11 Padded Archer Armor
36:52 Gold Shaft Mining
36:19 Arson
37:19 Elite Varangian Guard
39:08 Blast Furnace
38:58 Conscription
40:23 Plate Mail Armor
40:26 Crop Rotation
RafaelKubo
10:05 Feudal Age
10:44 Loom
18:46 Horse Collar
23:14 Castle Age
21:09 Fletching
21:19 Padded Archer Armor
23:05 Gold Mining
23:07 Stone Mining
23:19 Crossbowman
24:35 Bodkin Arrow
24:23 Elite Skirmisher
25:41 Wheelbarrow
24:52 Town Watch
25:55 Pikeman
26:35 Squires
26:20 Arson
26:21 Gambesons
26:38 Scale Mail Armor
26:48 Forging
28:12 Heavy Plow
28:26 Forging
28:32 Chain Mail Armor
28:22 Scale Barding Armor
29:08 Bloodlines
28:58 Husbandry
30:01 Husbandry
35:16 Ballistics
34:36 Treadmill Crane
35:08 Masonry
38:07 Imperial Age
39:41 Chain Barding Armor
39:56 Iron Casting
40:32 Elite Battle Elephant
44:01 Plate Barding Armor
44:01 Iron Casting
43:52 Cavalier
45:01 Murder Holes
45:37 Architecture
Hitokirivan
7:04 Loom
9:41 Feudal Age
10:53 Double-Bit Axe
19:11 Horse Collar
22:39 Castle Age
21:07 Gold Mining
21:50 Scale Barding Armor
21:57 Forging
22:19 Bloodlines
25:18 Wheelbarrow
25:14 Heavy Plow
25:04 Town Watch
35:40 Imperial Age
33:15 Husbandry
34:25 Gold Shaft Mining
34:08 Bow Saw
34:39 Hand Cart
34:25 Town Patrol
37:00 Heavy Camel Rider
41:13 Crossbowman
41:59 Thumb Ring
Connection lost

Rejoining the realm…

Still unreachable

The connection could not be restored.

Session expired

The server has moved on; the page needs a fresh start.